 Dungeon Crawl Stone Soup version 0.15-a0-1029-ge69a1e2 (console) character file.

184 Che the Insei (level 5, 0/36 HPs)
             Began as an Octopode Monk on May 26, 2014.
             Slain by an orc priest
             ... wielding a +1,+0 dagger
              (6 damage)
             ... on Level 4 of the Dungeon.
             The game lasted 00:05:13 (1015 turns).

Che the Insei (Octopode Monk)                       Turns: 1015, Time: 00:05:13

HP   0/36        AC  1     Str 11      XL: 5   Next: 63%
MP   5/5         EV 15     Int 13      God:
Gold 96          SH  0     Dex 17      Spells:  0 memorised,  4 levels left

rFire  . . .     SeeInvis .       - Unarmed
rCold  . . .     Clarity  .     (no shield)
rNeg   . . .     Conserve .     (helmet restricted)
rPois  .         rCorr    +     n - amulet of resist corrosion
rElec  .         rRot     .     g - ring of protection from magic
SustAb .         Spirit   .     j - +3 ring of dexterity
rMut   .         Warding  .     (no ring)
Gourm  .         Stasis   .     (no ring)
MR     +....                    (no ring)
                                (no ring)
                                (no ring)
                                (no ring)

@: somewhat resistant to hostile enchantments, fairly stealthy
A: almost no armour, amphibious, 8 rings, constrict 8, camouflage 1, gelatinous
body 1
a: no special abilities


You were on level 4 of the Dungeon.
You were not hungry.

You visited 1 branch of the dungeon, and saw 4 of its levels.

You collected 96 gold pieces.

Inventory:

Comestibles
 b - 2 bread rations
 q - 2 chunks of hound flesh
Scrolls
 a - a scroll of amnesia {unknown}
 c - 5 scrolls of enchant weapon II {unknown}
 d - 2 scrolls of recharging {unknown}
 e - a scroll of immolation {unknown}
 f - a scroll of noise {unknown}
 k - a scroll of identify {unknown}
 p - a scroll of blinking {unknown}
Jewellery
 g - a ring of protection from magic (left tentacle)
 j - a +3 ring of dexterity (right tentacle)
 m - an uncursed amulet of stasis
 n - an amulet of resist corrosion (around mantle)
Potions
 h - 2 potions of curing {unknown}
 i - a potion of agility
 l - a potion of restore abilities
 o - a potion of confusion {unknown}
Books
 r - a book of the Tempests

   Spells                             Type                      Level
   Static Discharge                   Conjuration/Air              3
   Lightning Bolt                     Conjuration/Air              5
   Fireball                           Conjuration/Fire             5
   Tornado                            Air                          9
   Shatter                            Earth                        9


   Skills:
 - Level 3.0 Fighting
 + Level 4.4 Dodging
 - Level 2.6 Stealth
 + Level 5.8 Unarmed Combat


You had 4 spell levels left.
You didn't know any spells.

Dungeon Overview and Level Annotations

Branches:
Dungeon (4/15)
 Temple: D:4-7

Altars:

Annotations:
D:2 Terence


Innate Abilities, Weirdness & Mutations

You cannot wear most types of armour.
You are amphibious.
You can wear up to eight rings at the same time.
You can use your tentacles to constrict many enemies at once.
Your skin changes colour to match your surroundings (Stealth).
Your rubbery body absorbs attacks (AC +1).


Message History

a club; an orc corpse You tentacle-slap the orc priest.
Your grab misses the orc priest.
The orc priest is lightly wounded.
The orc priest barely misses you.
You tentacle-slap the orc priest. You grab the orc priest.
The orc priest is moderately wounded.
You constrict the orc priest.
The orc priest mumbles some strange prayers to Beogh.
You feel troubled.
You tentacle-slap the orc priest.
The orc priest is heavily wounded.
You constrict the orc priest. The orc priest hits you with a dagger.
* * * LOW HITPOINT WARNING * * *
You tentacle-slap the orc priest. Your squeeze misses the orc priest.
The orc priest is severely wounded.
You constrict the orc priest. The orc barely misses you.
You tentacle-slap the orc priest but do no damage.
The orc priest is severely wounded.
You constrict the orc priest. The orc priest hits you with a dagger.
You die...

#... .........
###... .........
..... ......... ....
#........ #..
#.........
#..########(.....>..
#....%..............
#..#####...oo.......
#.. #((.@.###### #..
#...[.# #.. #..(..#
#.. #..%.<# #..
#.....# ... #.....#
. #.....#
..#####.....#
...>........#


You could see an orc priest and an orc.

Vanquished Creatures
  2 orc priests
  A hound (D:4)
  A worker ant (D:4)
  3 adders
  9 orcs (D:3)
  6 bats
  5 goblins
  2 hobgoblins
  A ball python (D:4)
  A giant cockroach (D:2)
  A giant newt (D:3)
  5 kobolds
  A quokka (D:3)
  3 rats
41 creatures vanquished.

Notes
Turn   | Place    | Note
--------------------------------------------------------------
     0 | D:1      | Che, the Octopode Monk, began the quest for the Orb.
     0 | D:1      | Reached XP level 1. HP: 16/16 MP: 1/1
   221 | D:2      | Reached XP level 2. HP: 21/21 MP: 2/2
   326 | D:2      | Reached XP level 3. HP: 9/26 MP: 3/3
   341 | D:2      | Noticed Terence
   489 | D:3      | Reached skill level 5 in Unarmed Combat
   595 | D:4      | Reached XP level 4. HP: 4/31 MP: 4/4
   774 | D:3      | Reached XP level 5. HP: 13/36 MP: 5/5
  1015 | D:4      | Slain by an orc priest

Action                   |  1- 3 |  4- 6 || total
-------------------------+-------+-------++-------
Melee: Unarmed           |    36 |    51 ||    87
  Use: Potion            |     1 |     2 ||     3
 Stab: Sleeping          |     4 |     3 ||     7
